 Dungeon Crawl Stone Soup version 0.26-a0-690-gcb57259078 (webtiles) character file.

Game seed: 16304876256784296471

1466 marklar909 the Slasher (level 9, -2/67 HPs)
             Began as a Formicid Fighter on Oct 24, 2020.
             Was a Priest of Makhleb.
             Slain by an orc warrior
             ... wielding a +0 scimitar
              (17 damage)
             ... on level 6 of the Dungeon.
             The game lasted 00:07:45 (6171 turns).

marklar909 the Slasher (Formicid Fighter)           Turns: 6171, Time: 00:07:45

Health: -2/67      AC:  7    Str: 21    XL:     9   Next: 6%
Magic:  12/12      EV: 11    Int:  8    God:    Makhleb [***...]
Gold:   309        SH:  5    Dex: 13    Spells: 8/8 levels left

rFire    . . .     SeeInvis +   a - +1 long sword
rCold    . . .     Faith    .   k - +0 buckler
rNeg     . . .     Spirit   .   b - +0 scale mail
rPois    .         Reflect  .   (helmet unavailable)
rElec    .         Harm     .   (no cloak)
rCorr    .         Rampage  .   (no gloves)
MR       .....                  (no boots)
Stlth    +.........             o - amulet of the acrobat
HPRegen  0.21/turn              l - ring of stealth (curse)
MPRegen  0.13/turn              (no ring)

@: mighty
A: permanent stasis, dig shafts and tunnels, four strong arms, antennae 3
a: Dig, Shaft Self, Minor Destruction, Lesser Servant of Makhleb, Renounce
Religion


You were on level 6 of the Dungeon.
You worshipped Makhleb.
Makhleb was most pleased with you.
You visited 1 branch of the dungeon, and saw 6 of its levels.
You also visited: Ossuary.

You collected 309 gold pieces.

Inventory:

Hand Weapons
 a - a +1 long sword (weapon)
Missiles
 e - a javelin (quivered)
Armour
 b - a +0 scale mail (worn)
 c - a +0 kite shield
 k - a +0 buckler (worn)
Jewellery
 l - a cursed ring of stealth (left hand)
 o - an amulet of the acrobat (around neck)
 p - a cursed ring of attention {unknown}
Scrolls
 f - 3 scrolls of identify
 g - a scroll of enchant armour {unknown}
 i - a scroll of magic mapping
 j - a scroll of immolation {unknown}
Potions
 h - a potion of heal wounds {unknown}
 m - a potion of magic
 q - 2 potions of brilliance
 r - a potion of invisibility
 s - 2 potions of cancellation


   Skills:
 + Level 4.9 Fighting
 + Level 6.7 Long Blades
 + Level 0.2 Throwing
 + Level 5.6 Armour
 + Level 2.1 Dodging
 + Level 0.7 Stealth
 + Level 6.0 Shields
 * Level 4.5 Invocations


You had 8 spell levels left.
You didn't know any spells.
Your spell library contained the following spells:

 Spells                   Type           Power        Failure   Level
 Confusing Touch          Hex            #.......     97%         3
 Gell's Gravitas          Tloc           #.........   97%         3
 Petrify                  Tmut/Erth      #.......     100%        4
 Metabolic Englaciation   Hex/Ice        #.........   100%        5
 Yara's Violent Unravell  Hex/Tmut       #.........   100%        5


Dungeon Overview and Level Annotations

Branches:
Dungeon (6/15)            Ossuary (visited)
 Temple: D:4-7

Altars:
Ashenzari
Cheibriados
Elyvilon
Gozag
Hepliaklqana
Kikubaaqudgha
Makhleb
Sif Muna
Trog
Wu Jian
Xom

Shops:
D:4 =

Annotations:
D:6 Prince Ribbit


Innate Abilities, Weirdness & Mutations

You cannot be hasted, slowed, berserked, paralysed or teleported.
You can dig through walls and to a lower floor.
Your four strong arms can wield two-handed weapons with a shield.
You have a pair of large antennae on your head. (SInv)


Message History

You feel sick.
You are no longer poisoned.
The orc warrior hits you with a +0 scimitar.
The orc hits you with a +0 flail of protection.
Prince Ribbit blinks!
Unknown command.
You bump into the rock wall.
The orc warrior zaps a wand.
You easily resist.
Unknown command.
You feel better. The orc closely misses you.
The orc warrior hits you with a +0 scimitar!
You feel very mighty all of a sudden. The orc misses you.
You riposte.
You barely miss the orc.
The orc warrior hits you with a +0 scimitar!
* * * LOW HITPOINT WARNING * * *
Unknown command.
You hit the orc warrior.
The orc warrior is lightly wounded.
You block the orc's attack.
The orc warrior hits you with a +0 scimitar!
You die...

### ##o########
#.@o#.....# #######
####g.†...# ......#
#########{....(#
#####.####...§.(...##.###
#####.....{######### #
......###### #####.# #.#
#.#


You could see an orc warrior, a gnoll and an orc.

Vanquished Creatures
  Duvessa (D:5)
  A sky beast (D:5)
  An ice beast (D:5)
  An ogre (D:6)
  2 phantoms
  2 bullfrogs
  An elf zombie (Ossuary)
  Dowan (D:5)
  A scorpion (D:6)
  A hound (D:2)
  A quasit (D:6)
  2 jellies
  A human zombie (Ossuary)
  An orc wizard (D:6)
  Natasha (thrice) (D:2)
  An iguana (D:4)
  4 worker ants
  2 big kobold zombies (Ossuary)
  2 mummies (Ossuary)
  A worker ant zombie (D:5)
  A gnoll (D:6)
  3 adders
  A shadow imp (D:6)
  2 oozes
  5 worms
  5 dart slugs
  3 leopard geckos (D:1)
  6 orcs
  5 giant cockroaches
  9 goblins
  11 hobgoblins
  7 jackals
  4 quokkas
  3 ball pythons
  6 bats
  4 frilled lizards
  2 goblin zombies (Ossuary)
  11 hobgoblin zombies (Ossuary)
  2 jackal zombies (Ossuary)
  3 kobolds
  10 kobold zombies (Ossuary)
  6 orc zombies (Ossuary)
  5 rats
  A rat zombie (Ossuary)
145 creatures vanquished.

Vanquished Creatures (others)
  2 fungi (D:1)
  3 plants (D:2)
  4 toadstools (D:1)
9 creatures vanquished.

Grand Total: 154 creatures vanquished

Notes
Turn   | Place    | Note
-------+----------+-------------------------------------------
     0 | D:1      | marklar909 the Formicid Fighter began the quest for the
                  | Orb.
     0 | D:1      | Reached XP level 1. HP: 18/18 MP: 1/1
    54 | D:1      | Reached XP level 2. HP: 14/24 MP: 2/2
   419 | D:1      | Reached XP level 3. HP: 30/30 MP: 3/3
  1021 | D:2      | Reached XP level 4. HP: 30/37 MP: 4/4
  1124 | D:2      | Found a bloodstained altar of Trog.
  1124 | D:2      | Found a shimmering blue altar of Sif Muna.
  1125 | D:2      | Found a snail-covered altar of Cheibriados.
  1167 | D:2      | Found a burning altar of Makhleb.
  1190 | D:2      | Became a worshipper of Makhleb the Destroyer
  1293 | D:2      | Found a broken altar of Ashenzari.
  1458 | D:2      | Found a white marble altar of Elyvilon.
  1458 | D:2      | Noticed Natasha
  1468 | D:2      | Killed Natasha
  1468 | D:2      | Reached XP level 5. HP: 25/42 MP: 5/5
  1722 | D:2      | Noticed Natasha
  1730 | D:2      | Killed Natasha
  1738 | D:2      | Noticed Natasha
  1946 | D:2      | Killed Natasha
  2024 | D:2      | Found an ornate altar of the Wu Jian Council.
  2380 | D:2      | Found a bloodstained altar of Trog.
  2615 | D:3      | Reached XP level 6. HP: 47/48 MP: 6/6
  2691 | D:3      | Found an ancient bone altar of Kikubaaqudgha.
  2830 | D:3      | Found a hazy altar of Hepliaklqana.
  2862 | D:3      | Reached * piety under Makhleb
  2905 | D:3      | Reached skill level 1 in Dodging
  3295 | D:4      | Reached skill level 1 in Invocations
  3543 | D:4      | Found a sand-covered staircase.
  3573 | Ossuary  | Entered an ossuary
  3696 | Ossuary  | Reached ** piety under Makhleb
  3778 | Ossuary  | Reached XP level 7. HP: 47/54 MP: 8/8
  3781 | Ossuary  | Reached skill level 5 in Shields
  3992 | D:4      | Found a snail-covered altar of Cheibriados.
  4019 | D:4      | Reached skill level 5 in Long Blades
  4135 | D:4      | Found Baklag's Jewellery Shop.
  4280 | D:4      | Found a shimmering altar of Xom.
  4524 | D:5      | Entered Level 5 of the Dungeon
  4554 | D:5      | Reached XP level 8. HP: 43/61 MP: 10/10
  4792 | D:5      | Noticed Dowan
  4793 | D:5      | Noticed Duvessa
  4823 | D:5      | Killed Duvessa
  4823 | D:5      | Reached skill level 5 in Armour
  4827 | D:5      | HP: 1/61 [Dowan/shard of ice (16)]
  4832 | D:5      | Killed Dowan
  5942 | D:6      | Found an opulent altar of Gozag.
  6120 | D:6      | Noticed Prince Ribbit
  6140 | D:6      | Reached XP level 9. HP: 57/67 MP: 12/12
  6162 | D:6      | Reached *** piety under Makhleb
  6171 | D:6      | Slain by an orc warrior

Illustrated notes

Levels and vault maps discovered:
D:1:      dpeg_arrival_simpleton_b, layout_basic, st_stairs_9,
          minmay_gold_behind_fungi
D:2:      layout_loops_cross, nicolae_ashenzari_panopticon,
          makhleb_heckhound_becter, lemuel_doored_altar,
          gammafunk_temple_overflow_claw, elyvilon_altar_1, serial_rivers,
          chequers_serial_rivers_room_b, chequers_serial_rivers_small_a,
          chequers_serial_rivers_micro_d, chequers_serial_rivers_small_3,
          chequers_serial_rivers_marsh, chequers_serial_rivers_large_a,
          serial_bayou_pond_e, trog_hazing_becter, uniq_natasha
D:3:      lemuel_upstairs_altar, layout_basic, lemuel_round_altar,
          kiku_gazebo_pond_becter, minmay_misc_feat_encased, due_unseen_surprise
D:4:      layout_cave_pools, nicolae_overflow_hidden_temple, enter_ossuary_2,
          serial_shops, shop, cheibriados_altar_1
D:5:      minmay_recursive_quarters, layout_loops_ring, uniq_duvessa
D:6:      layout_rooms, grunt_gozag_breadcrumbs, basic_altar,
          okawaru_gym_becter, uniq_prince_ribbit1

Skill      XL: |  1  2  3  4  5  6  7  8  9 |
---------------+----------------------------+-----
Shields        | 4 5 6 |  6.0
Armour         | 4 5 |  5.6
Long Blades    | 3 4 5 6 |  6.7
Dodging        | 1 2 |  2.1
Invocations    | 1 3 4 |  4.5
Fighting       | 4 |  4.9
Throwing       | |  0.2
Stealth        | |  0.7

Action                   |  1- 3 |  4- 6 |  7- 9 || total
-------------------------+-------+-------+-------++-------
Melee: Long sword        |   121 |   256 |   285 ||   662
Throw: Javelin           |       |       |     4 ||     4
Invok: Minor Destruction |       |       |     1 ||     1
 Abil: Dig               |       |     1 |     4 ||     5
  Use: Scroll            |       |       |    14 ||    14
       Potion            |       |       |     4 ||     4
 Stab: Sleeping          |       |       |     1 ||     1
Armor: Scale mail        |    62 |   109 |    91 ||   262
Dodge: Dodged            |    38 |    86 |   106 ||   230
Block: Kite shield       |    91 |   124 |    87 ||   302
       Buckler           |       |       |    23 ||    23
       Rpst.: Long sword |    13 |    26 |    26 ||    65

Table legend: (Time is in decaauts)
 A = Elapsed time spent in this place.
 B = Non-inter-level travel time spent in this place.
 C = Inter-level travel time spent in this place.
 D = Time resting spent in this place.
 E = Time spent auto-exploring this place.
 F = Levels seen in this place.
 G = Mean time per level.
                   A        B        C        D        E       F      G
               +--------+--------+--------+--------+--------+-----+--------+
         Total |   6354 |   6197 |    157 |    700 |   4169 |   7 |  907.7 |
       Dungeon |   5937 |   5780 |    157 |    700 |   3999 |   6 |  989.5 |
       Ossuary |    416 |    416 |      0 |      0 |    170 |   1 |  416.0 |
               +--------+--------+--------+--------+--------+-----+--------+

Top non-repeatable levels by time:
     D:2: 1456 daAuts
     D:5: 1372 daAuts
     D:1: 1237 daAuts
     D:4: 858 daAuts
     D:3: 717 daAuts
 Ossuary: 416 daAuts
     D:6: 294 daAuts
